Map: Dusk Towers

Players

TTS

  • Race: Protoss Protoss
  • League: Diamond

Hanes - Winner!

  • Race: Terran Terran
  • League: Master

VOD

Have the link to the VOD?

Description

Time

  • Played on: Feb. 24, 2016, 2:13 a.m.
  • Length: 10:12
Show
View Real Time Build Order
Export as new Build Order

TTS Protoss 

Build Orders:  

Get SALT Encoding   

  12  0:01  Probe (Chrono Boost)  
  13  0:12  Probe (Chrono Boost)  
  14  0:20  Pylon  
  14  0:25  Probe (Chrono Boost)  
  15  0:38  Probe (Chrono Boost)  
  15  0:39  Gateway  
  16  0:49  Probe (Chrono Boost), Assimilator  
  17  0:52  Assimilator  
  17  1:00  Probe (Chrono Boost)  
  18  1:10  Probe (Chrono Boost)  
  19  1:21  Probe (Chrono Boost)  
  20  1:27  Cybernetics Core  
  20  1:29  Pylon  
  20  1:31  Pylon  
  20  1:32  Probe (Chrono Boost)  
  21  1:43  Probe (Chrono Boost)  
  22  1:53  Probe (Chrono Boost)  
  23  2:04  Probe (Chrono Boost)  
  24  2:09  Robotics Facility, Adept (Chrono Boost)  
  24  2:10  Warp Gate (Chrono Boost)  
  26  2:48  Pylon  
  26  2:56  Immortal (Chrono Boost)  
  30  3:08  Gateway  
  30  3:09  Gateway  
  30  3:10  Gateway  
  30  3:22  Pylon  
  30  3:31  Immortal (Chrono Boost)  
  34  3:50  Pylon  
  32  4:04  Warp Prism (Chrono Boost)  
  34  4:16  Adept x4  
  42  4:37  Observer (Chrono Boost)  
  43  4:46  Adept  
  43  4:47  Adept x3  
  51  5:09  Adept x4  
  55  5:18  Warp Prism (Chrono Boost)  
  27  5:35  Adept x2  
  27  5:36  Adept x2  
  39  5:57  Immortal (Chrono Boost)  
  39  6:00  Adept x2  
  43  6:10  Adept  
  43  6:25  Adept  
  43  6:45  Pylon  
  43  6:54  Probe  
  38  7:05  Sentry  
  38  7:06  Probe, Sentry x3  
  47  7:18  Probe  
  47  7:21  Twilight Council  
  48  7:27  Pylon  
  48  7:48  Nexus  
  48  7:54  Pylon  
  48  8:02  Stalker  
  48  8:18  Stalker  
  48  8:24  Cybernetics Core  
  48  8:32  Zealot  
  40  8:40  Zealot  
  39  8:47  Zealot  
  35  9:00  Stalker  
  26  9:14  Stalker  
  23  9:21  Stalker  
  14  9:37  Probe  
Show
View Real Time Build Order
Export as new Build Order

Hanes Terran - Winner!

Build Orders: Cyclone Opening, MMM Bio 

Get SALT Encoding   

  12  0:01  SCV  
  13  0:13  SCV  
  14  0:17  Supply Depot  
  14  0:25  SCV  
  15  0:39  SCV  
  15  0:41  Barracks  
  16  0:45  Refinery  
  16  0:51  SCV  
  17  1:03  SCV  
  18  1:15  SCV  
  19  1:29  Orbital Command, Marine  
  20  1:43  Command Center  
  20  1:46  Marine  
  21  1:57  Factory  
  21  1:59  SCV  
  22  2:04  Marine  
  23  2:10  Bunker  
  23  2:21  Supply Depot  
  23  2:24  Barracks Tech Lab  
  23  2:25  Refinery  
  23  2:42  SCV  
  24  2:49  Marine  
  25  2:54  SCV  
  25  2:57  Orbital Command  
  25  2:58  Cyclone  
  29  3:06  SCV  
  29  3:07  Barracks  
  29  3:11  Marine  
  31  3:19  SCV, Barracks  
  32  3:24  SCV  
  33  3:30  Cyclone  
  33  3:33  SCV  
  37  3:36  SCV  
  37  3:37  Marine  
  39  3:41  Supply Depot  
  39  3:45  SCV  
  41  3:48  SCV  
  41  3:54  Marine  
  42  3:58  SCV  
  42  4:00  SCV  
  44  4:10  SCV  
  44  4:11  Marine x2  
  44  4:12  SCV  
  44  4:16  Marine  
  49  4:17  Stimpack, Widow Mine  
  49  4:22  Starport  
  51  4:29  SCV, Marine x2  
  54  4:33  Supply Depot  
  54  4:35  Supply Depot  
  54  4:39  Marine  
  54  4:43  SCV  
  56  4:46  Marine  
  56  4:49  Factory Reactor  
  56  4:51  SCV  
  58  4:54  Marine  
  58  4:55  Engineering Bay  
  58  4:57  Marine  
  60  5:00  Medivac  
  60  5:04  Marine  
  60  5:06  SCV  
  64  5:12  Marine  
  60  5:20  Marine  
  47  5:22  Marine  
  42  5:30  SCV  
  42  5:31  SCV  
  41  5:40  Liberator x2  
  41  5:42  SCV  
  42  5:43  SCV  
  42  5:48  Marine x2  
  42  5:49  Marine  
  46  5:54  SCV  
  46  5:55  SCV  
  54  6:06  SCV, Marine  
  54  6:08  SCV  
  54  6:10  Marine  
  54  6:11  Marine  
  60  6:18  SCV  
  60  6:20  SCV  
  60  6:24  Combat Shields  
  61  6:28  Refinery  
  61  6:30  Refinery, SCV  
  61  6:32  SCV  
  61  6:34  Marine x2  
  61  6:35  Marine  
  64  6:44  SCV  
  64  6:47  SCV  
  64  6:52  Medivac, Marine  
  65  6:56  Medivac  
  65  6:58  Marine  
  65  6:59  Marine  
  69  7:03  Supply Depot  
  69  7:06  Factory Tech Lab  
  69  7:08  SCV  
  70  7:10  Marine  
  71  7:16  SCV  
  71  7:18  Marine  
  71  7:19  Marine  
  74  7:24  SCV  
  74  7:28  Marine  
  74  7:29  Supply Depot  
  76  7:36  Marine x2  
  78  7:43  Viking x2  
  82  7:45  Marine  
  82  7:47  SCV  
  84  7:53  SCV  
  84  7:54  Marine  
  84  7:56  Liberator x2  
  84  8:10  Marauder, Marine  
  84  8:12  Marine  
  91  8:27  Marine  
  91  8:30  Marine  
  91  8:31  Engineering Bay, Marine  
  87  8:45  Marine  
  87  8:47  Marine  
  85  8:49  Marine  
  85  8:53  Barracks x2  
  81  9:03  Marine  
  81  9:04  SCV  
  82  9:13  Marine x2  
  82  9:15  Siege Tank  
  87  9:29  Marine  
  85  9:45  Marine  
  83  9:46  Barracks Reactor  
  83  9:47  Barracks Reactor  
  83  9:50  SCV  
  83  9:52  Command Center  
  81  10:05  Barracks Reactor  
Tags
 
Add a new tag
Caveats
  • Supply blocks, unpowered buildings, or Contaminate may cause inaccurate times.
  • Supply counts are checked every 10 seconds.